 Dungeon Crawl Stone Soup version 0.27.1 (webtiles) character file.

Game seed: 829436735974594466

5660 ZARRMARR the Thaumaturge (level 10, -2/50 HPs)
             Began as a Deep Elf Air Elementalist on Sept 1, 2021.
             Was a Believer of Sif Muna.
             Slain by a two-headed ogre (21 damage)
             ... on level 9 of the Dungeon.
             The game lasted 00:47:45 (14769 turns).

ZARRMARR the Thaumaturge (DEAE)                    Turns: 14769, Time: 00:47:46

Health: -2/50      AC:  8    Str:  5    XL:     10   Next: 46%
Magic:  28/36      EV: 16    Int: 24    God:    Sif Muna [**....]
Gold:   456        SH:  5    Dex: 15    Spells: 23/31 levels left

rFire    . . .     SeeInvis .   A - +7 scimitar of Wu Jian {spect, rPois rN+}
rCold    . . .     Faith    .   (no shield)
rNeg     + . .     Spirit   .   a - +0 robe
rPois    +         Reflect  +   (no helmet)
rElec    .         Harm     .   m - +0 cloak
rCorr    .         Rampage  .   (no gloves)
Will     +....                  b - +0 pair of boots
Stlth    ++........             k - amulet of reflection
HPRegen  0.16/turn              h - ring of magical power
MPRegen  0.25/turn              y - +4 ring of protection

@: studying 2 skills
A: no striking features
a: Renounce Religion, Channel Magic


You were on level 9 of the Dungeon.
You worshipped Sif Muna.
Sif Muna was pleased with you.
You visited 1 branch of the dungeon, and saw 9 of its levels.
You also visited: Bailey.

You collected 456 gold pieces.

Inventory:

Hand Weapons
 A - the +7 scimitar of Wu Jian (weapon) {spect, rPois rN+}
   (You found it on level 8 of the Dungeon)

   When its wielder attacks, the weapon's spirit leaps out and strikes again.
   The spirit shares a part of any damage it takes with its wielder.
   rPois:     It protects you from poison.
   rN:        It protects you from negative energy.
Missiles
 f - 167 arrows
 p - a throwing net
Armour
 a - a +0 robe (worn)
 b - a +0 pair of boots (worn)
 m - a +0 cloak (worn)
Jewellery
 h - a ring of magical power (left hand)
 k - an amulet of reflection (around neck)
 x - an amulet of magic regeneration
 y - a +4 ring of protection (right hand)
Wands
 n - a wand of flame (38)
 q - a wand of digging (4)
Scrolls
 g - a scroll of teleportation
 i - 4 scrolls of enchant weapon
 l - 2 scrolls of magic mapping
 o - a scroll of fog
 r - a scroll of torment {unknown}
 t - a scroll of enchant armour
 v - a scroll of blinking {unknown}
 D - a scroll of summoning {unknown}
Potions
 c - a potion of flight
 d - 2 potions of mutation {unknown}
 e - 3 potions of haste {unknown}
 j - 3 potions of heal wounds {unknown}
 s - 2 potions of curing {unknown}
 u - a potion of lignification {unknown}
 w - 3 potions of might {unknown}
 z - 2 potions of brilliance {unknown}
 C - 3 potions of invisibility {unknown}


   Skills:
 * Level 7.7 Dodging
 - Level 2.4 Stealth
 + Level 11.4 Spellcasting
 - Level 1.1 Conjurations
 + Level 10.8 Air Magic
 * Level 5.6 Invocations


You had 23 spell levels left.
You knew the following spells:

 Your Spells              Type           Power      Damage    Failure   Level
a - Airstrike             Air            30%        N/A       1%          4
b - Swiftness             Air            60%        N/A       1%          3
c - Shock                 Conj/Air       100%       1d9       1%          1

Your spell library contained the following spells:

 Spells                   Type           Power      Damage    Failure   Level
 Static Discharge         Conj/Air       42%        N/A       1%          2
 Mephitic Cloud           Conj/Pois/Air  32%        N/A       2%          3
 Magic Dart               Conj           72%        1d6       3%          1
 Call Imp                 Summ           13%        N/A       7%          2
 Frozen Ramparts          Ice            26%        1d4       14%         3
 Ice Form                 Ice/Tmut       13%        N/A       41%         4
 Summon Ice Beast         Ice/Summ       13%        N/A       41%         4
 Iskenderun's Battlesphe  Conj           18%        2d7       63%         5
 Fireball                 Conj/Fire      8%         3d6       71%         5
 Alistair's Intoxication  Tmut/Pois      8%         N/A       77%         5
 Borgnjor's Vile Clutch   Necr/Erth      6%         N/A       77%         5
 Iron Shot                Conj/Erth      8%         9d3       99%         6
 Starburst                Conj/Fire      8%         6d4       99%         6
 Eringya's Noxious Bog    Tmut/Pois      6%         N/A       100%        6
 Spellforged Servitor     Conj/Summ      8%         N/A       100%        7
 Ignition                 Fire           6%         3d4       100%        8


Dungeon Overview and Level Annotations

Branches:
Dungeon (9/15)             Temple (0/1) D:5          Bailey (visited)
   Lair: D:8-11         Orc: D:9-12

Altars:
Gozag
Makhleb
Okawaru
Sif Muna


Message History

There is a stone staircase leading down here.
Casting: Airstrike (dangerous; 1% risk of failure)
Confirm with . or Enter, or press ? or * to list all spells.
Aiming: Airstrike (dangerous; 1% risk of failure)
Press: ? - help, Dir - move target, f - killer bee
Aim: a killer bee (severely wounded)
The air twists around and strikes the killer bee!
You kill the killer bee!
Sif Muna accepts your kill.
You feel sick.
You start resting.
You feel sick. x4
You are no longer poisoned.
You start resting.
Magic restored.
You start resting.
HP restored.
You climb downwards.
The wyvern zombie bites you. You block the two-headed ogre's attack.
The two-headed ogre barely misses you.
The wyvern zombie bites you but does no damage.
There is a stone staircase leading up here.
Casting: Airstrike (dangerous; 1% risk of failure)
Confirm with . or Enter, or press ? or * to list all spells.
Aiming: Airstrike (dangerous; 1% risk of failure)
Press: ? - help, Dir - move target, f - two-headed ogre
Aim: a two-headed ogre, wielding two +0 giant clubs The air twists around and strikes the two-headed ogre!
The two-headed ogre is moderately wounded.
The two-headed ogre hits you with a +0 giant club!!
The two-headed ogre hits you with a +0 giant club!
The wyvern zombie closely misses you.
Casting: Airstrike (dangerous; 1% risk of failure)
Confirm with . or Enter, or press ? or * to list all spells.
Aiming: Airstrike (dangerous; 1% risk of failure)
Press: ? - help, Dir - move target, f/p - two-headed ogre
Aim: a two-headed ogre, wielding two +0 giant clubs (moderately wounded)
The air twists around and strikes the two-headed ogre!
The two-headed ogre is heavily wounded.
You block the wyvern zombie's attack.
The two-headed ogre hits you with a +0 giant club!!
You die...

...........#
...........
#..........
##.........#
#.#.........
#.........#
#..O.....#
#Z@†...#
###<<.##
####


You could see a two-headed ogre and a wyvern zombie.

Vanquished Creatures
  Eustachio (D:4)
  A water moccasin (D:7)
  15 orc warriors
  A sky beast (D:6)
  3 ice beasts
  2 black bears
  4 ogres
  9 centaurs
  2 phantoms (D:4)
  A kobold brigand (D:7)
  2 scorpions
  3 bullfrogs
  A gnoll sergeant (D:6)
  A water moccasin skeleton (D:5)
  A wyvern skeleton (D:6)
  5 killer bees
  5 wights
  3 howler monkeys
  2 centaur zombies
  3 hounds
  Crazy Yiuf (D:2)
  2 jellies
  2 orc priests (D:7)
  2 bullfrog skeletons
  2 gnoll shamans
  Terence (D:4)
  3 iguanas
  6 orc wizards
  Natasha (thrice) (D:2)
  A hound skeleton (D:5)
  7 adders
  11 gnolls
  A shadow imp (D:6)
  2 white imps (D:8)
  2 adder skeletons (D:4)
  2 worms (D:2)
  4 dart slugs (D:1)
  46 orcs
  6 ball pythons
  11 endoplasms
  3 giant cockroaches
  15 goblins
  7 hobgoblins
  9 jackals
  5 quokkas
  5 bats
  3 frilled lizards
  14 kobolds
  4 rats
245 creatures vanquished.

Notes
Turn   | Place    | Note
-------+----------+-------------------------------------------
     0 | D:1      | ZARRMARR the Deep Elf Air Elementalist began the quest for
                  | the Orb.
     0 | D:1      | Reached XP level 1. HP: 10/10 MP: 6/6
   173 | D:1      | Reached XP level 2. HP: 15/15 MP: 0/8
   604 | D:1      | Reached XP level 3. HP: 19/19 MP: 4/9
   608 | D:1      | Learned a level 3 spell: Swiftness
   720 | D:1      | Found a faded altar of an unknown god.
  1825 | D:2      | Noticed Terence
  1947 | D:2      | Found a runed translucent door.
  1948 | D:2      | Noticed Crazy Yiuf
  1950 | D:2      | Noticed Natasha
  2073 | D:2      | Reached XP level 4. HP: 24/24 MP: 0/10
  2187 | D:2      | Reached skill level 5 in Air Magic
  3082 | D:3      | Found a shimmering blue altar of Sif Muna.
  3151 | D:3      | Became a worshipper of Sif Muna the Loreminder
  3420 | D:4      | Reached XP level 5. HP: 28/28 MP: 7/11
  3798 | D:4      | Reached XP level 6. HP: 14/32 MP: 4/12
  3974 | D:4      | Learned a level 4 spell: Airstrike
  4000 | D:4      | Noticed an ice beast
  4041 | D:5      | Entered Level 5 of the Dungeon
  4362 | D:5      | Reached skill level 4 in Spellcasting
  4610 | D:4      | Killed Terence
  4611 | D:4      | Reached XP level 7. HP: 36/36 MP: 4/15
  4995 | D:4      | Reached skill level 5 in Spellcasting
  5546 | D:4      | Noticed Eustachio
  5551 | D:4      | Killed Eustachio
  5936 | D:4      | Reached skill level 6 in Spellcasting
  5936 | D:4      | Reached skill level 1 in Invocations
  5939 | D:4      | Reached XP level 8. HP: 41/41 MP: 0/19
  6405 | D:5      | Found a staircase to the Ecumenical Temple.
  6720 | D:5      | Reached * piety under Sif Muna
  7087 | D:5      | Reached skill level 7 in Spellcasting
  7331 | D:5      | Reached skill level 5 in Dodging
  7510 | D:2      | Killed Crazy Yiuf
  7512 | D:2      | Killed Natasha
  7635 | D:2      | Noticed Natasha
  7637 | D:2      | Killed Natasha
  8111 | D:2      | Noticed Natasha
  8112 | D:2      | Killed Natasha
  8675 | D:6      | Reached skill level 8 in Spellcasting
  9076 | D:6      | Reached XP level 9. HP: 45/45 MP: 19/23
  9302 | D:6      | Found a burning altar of Makhleb.
 10141 | D:7      | Reached skill level 9 in Spellcasting
 10581 | D:7      | Found an opulent altar of Gozag.
 11494 | D:8      | Found a flagged portal.
 11503 | Bailey   | Entered a bailey
 11516 | Bailey   | Reached ** piety under Sif Muna
 11726 | Bailey   | Reached skill level 10 in Spellcasting
 11726 | Bailey   | Reached skill level 10 in Air Magic
 12153 | Bailey   | Reached XP level 10. HP: 50/50 MP: 7/26
 12283 | Bailey   | Reached skill level 5 in Invocations
 13288 | D:8      | Reached skill level 11 in Spellcasting
 13491 | D:8      | Identified the +7 scimitar of Wu Jian {spect, rPois rN+}
 13785 | D:8      | Found an iron altar of Okawaru.
 14183 | D:8      | Found an iron altar of Okawaru.
 14584 | D:9      | Noticed a two-headed ogre
 14769 | D:9      | Slain by a two-headed ogre

Illustrated notes

Levels and vault maps discovered:
D:1:      wheals_arrival_shading, layout_rooms, ebering_ecumenical_altar_box,
          minivault_11
D:2:      layout_basic, uniq_crazy_yiuf_cottage, uniq_natasha, uniq_terence
D:3:      minmay_chambers_of_twos, layout_rooms,
          mainiacjoe_overflow_six_doors_small, wad_orctagon
D:4:      minmay_wonky_spiral, layout_loops_ring, uniq_eustachio
D:5:      layout_loops_corners, minmay_temple_entry_glassed_door
D:6:      layout_loops_corners, mainiacjoe_overflow_concentric_impassable
D:7:      layout_basic, nicolae_gozag_seed_capital
D:8:      layout_gridville, okawaru_gym_becter, enter_bailey_2
D:9:      layout_big_octagon, nicolae_uskayaw_dance_studio, due_unseen_surprise

Skill      XL: |  1  2  3  4  5  6  7  8  9 10 |
---------------+-------------------------------+-----
Air Magic      | 4 5 6 7 8 9 10 | 10.8
Dodging        | 3 4 5 7 |  7.7
Spellcasting   | 4 6 8 10 11 | 11.4
Invocations    | 1 3 4 5 |  5.6
Stealth        | |  2.4
Conjurations   | |  1.1

Action                   |  1- 3 |  4- 6 |  7- 9 | 10-12 || total
-------------------------+-------+-------+-------+-------++-------
Melee: Unarmed           |     1 |       |       |       ||     1
 Cast: Shock             |   100 |    82 |       |       ||   182
       Swiftness         |     1 |       |       |     2 ||     3
       Airstrike         |       |    15 |   193 |    77 ||   285
Invok: Channel Magic     |       |       |     5 |     4 ||     9
Evoke: Wand              |       |       |     4 |     2 ||     6
  Use: Scroll            |     1 |     4 |     2 |     2 ||     9
Armor: Robe              |     4 |     2 |     3 |     8 ||    17
Dodge: Dodged            |    11 |     7 |    10 |    27 ||    55
Block: Other             |       |     5 |     7 |    10 ||    22
       Reflection        |       |     1 |     2 |       ||     3
       Rpst.: Scimitar   |       |       |       |     9 ||     9
